 Dungeon Crawl Stone Soup version 0.21.1-1-g345015fe64 (webtiles) character file.

430 Naru the Caller (level 6, -3/34 HPs)
             Began as a Tengu Summoner on June 12, 2018.
             Slain by a worker ant (7 damage)
             ... on level 5 of the Dungeon.
             The game lasted 00:19:04 (5350 turns).

Naru the Caller (Tengu Summoner)                    Turns: 5350, Time: 00:19:04

Health: -3/34      AC:  1    Str:  8    XL:     6   Next: 99%
Magic:  0/13       EV: 11    Int: 18    God:
Gold:   239        SH:  4    Dex: 14    Spells: 7/13 levels left

rFire    . . .     SeeInvis .   j - +0 spear
rCold    . . .     Gourm    .   m - +0 buckler
rNeg     . . .     Faith    .   n - +0 leather armour
rPois    .         Spirit   .   (helmet restricted)
rElec    .         Reflect  .   k - +0 cloak
rCorr    .         Harm     .   o - +0 pair of gloves
MR       +....                  (boots unavailable)
Stlth    ++........             (no amulet)
HPRegen  0.11/turn              s - ring of protection from magic
MPRegen  0.13/turn              (no ring)

@: lethally poisoned (-3 -> -11), corroded
A: beak, talons 3, able to fly 1
a: Fly


You were on level 5 of the Dungeon.
You were not hungry.

You visited 1 branch of the dungeon, and saw 5 of its levels.

You collected 239 gold pieces.

Inventory:

Hand Weapons
 j - a +0 spear (weapon)
Missiles
 f - 5 tomahawks (quivered)
 g - 114 stones
 r - 12 bolts
Armour
 a - a +0 robe
 k - a +0 cloak (worn)
 m - a +0 buckler (worn)
 n - a +0 leather armour (worn)
 o - a +0 pair of gloves (worn)
Jewellery
 s - a ring of protection from magic (left hand)
Scrolls
 c - a scroll of remove curse
 h - 5 scrolls of identify
 i - a scroll of magic mapping
Potions
 d - 5 potions of curing
 e - a potion of brilliance
 l - a potion of resistance {unknown}
 u - a potion of heal wounds
 v - a potion of flight {unknown}
Books
 b - a book of Callings

   Spells                             Type                      Level
   a - Summon Small Mammal            Summoning                    1
   b - Call Imp                       Summoning                    2
   c - Call Canine Familiar           Summoning                    3
   d - Summon Guardian Golem          Hexes/Summoning              3
   e - Summon Lightning Spire         Summoning/Air                4
   f - Summon Ice Beast               Ice/Summoning                4
 t - Jessica's Volume of Enhancements
   (You found it on level 3 of the Dungeon)

   Spells                             Type                      Level
   a - Swiftness                      Charms/Air                   2
Comestibles
 p - 2 rations


   Skills:
 * Level 1.6 Fighting
 + Level 1.0 Polearms
 - Level 2.1 Dodging
 - Level 2.0 Stealth
 * Level 1.5 Shields
 * Level 4.4 Spellcasting
 * Level 7.2 Summonings


You had 7 spell levels left.
You knew the following spells:

 Your Spells              Type           Power        Failure   Level  Hunger
a - Summon Small Mammal   Summ           ####         1%          1    None
b - Call Imp              Summ           ####....     2%          2    ##.....
c - Summon Guardian Gole  Hex/Summ       ###.....     19%         3    ###....


Dungeon Overview and Level Annotations

Branches:
Dungeon (5/15)
 Temple: D:4-7

Altars:
Ashenzari
Fedhas
Kikubaaqudgha
Trog

Annotations:
D:2 Sigmund


Innate Abilities, Weirdness & Mutations

You have a beak for a mouth.
You have claws for feet.
You can fly.


Message History

Your crimson imp blinks!
Your crimson imp hits the worker ant but does no damage.
You hit the worker ant but do no damage.
Your peck misses the worker ant.
The worker ant is lightly wounded.
The worker ant bites you!
You are poisoned.
The worker ant poisons you!
The ice beast hits your crimson imp but does no damage.
Your crimson imp blinks!
The worker ant bites you!
* * * LOW HITPOINT WARNING * * *
Your crimson imp barely misses the worker ant.
The ice beast barely misses your crimson imp.
You hit the worker ant but do no damage.
You claw the worker ant, but do no damage.
The worker ant is lightly wounded.
* * * LOW HITPOINT WARNING * * *
You feel sick. The worker ant bites you!
You die...

..... ....
.... ..# .ยง#
#5# #a# #@#
#+######5#
.......#Y#
.......#.#
.......#.##.#
.......<...(#
#.###.#....##
.. #.##.# ...
... .#


You could see an ice beast, a worker ant and 2 friendly crimson imps.

Vanquished Creatures
  A hound (D:4)
  A jelly (D:5)
  An orc priest (D:4)
  Natasha (D:4)
  5 adders
  A worm (D:4)
  A dart slug (D:1)
  2 leopard geckos
  3 orcs (D:4)
  3 giant cockroaches
  2 goblins
  3 hobgoblins (D:1)
  A jackal (D:2)
  A bat (D:3)
  2 frilled lizards
  3 kobolds
  7 rats
38 creatures vanquished.

Vanquished Creatures (collateral kills)
  An ogre (D:4)
  2 orc priests (D:4)
  3 orc wizards (D:4)
  Jessica (D:3)
  Natasha (twice) (D:4)
  A worker ant (D:4)
  3 gnolls (D:4)
  4 adders
  2 worms (D:2)
  4 leopard geckos
  7 orcs
  2 bats (D:1)
  A giant cockroach (D:2)
  7 goblins
  5 hobgoblins
  3 jackals (D:2)
  A quokka (D:3)
  4 kobolds
  4 rats
57 creatures vanquished.

Grand Total: 95 creatures vanquished

Notes
Turn   | Place    | Note
-------+----------+-------------------------------------------
     0 | D:1      | Naru the Tengu Summoner began the quest for the Orb.
     0 | D:1      | Reached XP level 1. HP: 10/10 MP: 4/4
   303 | D:1      | Reached skill level 5 in Summonings
   461 | D:1      | Reached XP level 2. HP: 15/15 MP: 0/6
  1330 | D:2      | Reached XP level 3. HP: 20/20 MP: 1/7
  1487 | D:2      | Learned a level 2 spell: Call Imp
  1787 | D:2      | Found a bloodstained altar of Trog.
  1931 | D:2      | Noticed Sigmund
  2333 | D:3      | Reached skill level 6 in Summonings
  2333 | D:3      | Reached XP level 4. HP: 23/24 MP: 7/9
  3029 | D:3      | Found a shattered altar of Ashenzari.
  3109 | D:3      | Noticed Jessica
  3114 | D:3      | Killed Jessica
  3114 | D:3      | Reached skill level 1 in Fighting
  3126 | D:3      | Identified Jessica's Volume of Enhancements
  3484 | D:4      | Gained mutation: You can fly. [Tengu growth]
  3484 | D:4      | Reached XP level 5. HP: 21/29 MP: 4/10
  4000 | D:4      | Reached skill level 1 in Shields
  4110 | D:4      | Noticed Natasha
  4127 | D:4      | Killed Natasha
  4127 | D:4      | Reached XP level 6. HP: 34/34 MP: 8/12
  4133 | D:4      | Noticed Natasha
  4139 | D:4      | Killed Natasha
  4233 | D:4      | Noticed Natasha
  4240 | D:4      | Killed Natasha
  4415 | D:4      | Found an ancient bone altar of Kikubaaqudgha.
  4628 | D:4      | Found a blossoming altar of Fedhas.
  4725 | D:4      | Reached skill level 7 in Summonings
  5300 | D:5      | Entered Level 5 of the Dungeon
  5300 | D:5      | Noticed an ice beast
  5314 | D:4      | Learned a level 3 spell: Summon Guardian Golem
  5337 | D:5      | Reached skill level 1 in Polearms
  5350 | D:5      | Slain by a worker ant

Skill      XL: |  1  2  3  4  5  6 |
---------------+-------------------+-----
Summonings     | 5 6 7 |  7.2
Fighting       | 1 |  1.6
Spellcasting   | 3 4 |  4.4
Shields        | 1 |  1.5
Polearms       | 1 |  1.0
Dodging        | |  2.1
Stealth        | |  2.0

Action                   |  1- 3 |  4- 6 || total
-------------------------+-------+-------++-------
Melee: Club              |     5 |       ||     5
       Spear             |    77 |   111 ||   188
       Peck              |     6 |    10 ||    16
       Unarmed           |     2 |       ||     2
       Kick              |     7 |    22 ||    29
 Cast: Summon Small Mamm |    33 |       ||    33
       Call Imp          |     6 |    70 ||    76
       Summon Guardian G |       |     1 ||     1
  Use: Potion            |       |     2 ||     2
       Scroll            |       |     5 ||     5
 Stab: Sleeping          |     3 |     1 ||     4
       Distracted        |     1 |       ||     1
  Eat: Ration            |     2 |     3 ||     5
       Chunk             |     1 |     2 ||     3
Armor: Robe              |    28 |       ||    28
       Leather armour    |       |    21 ||    21
Dodge: Dodged            |    63 |    48 ||   111
Block: Buckler           |     6 |    15 ||    21
